 Dungeon Crawl Stone Soup version 0.30-b1-2-g02819fbbbe (webtiles) character file.

Game seed: 14760431166038372295

10 Alarkh the Vexing (level 2, 16/21 HPs)
             Began as a Demonspawn Hexslinger on July 9, 2023.
             Got out of the dungeon alive.
             The game lasted 00:00:21 (113 turns).

Alarkh the Vexing (Demonspawn Hexslinger)            Turns: 113, Time: 00:00:22

Health: 16/21      AC:  2    Str: 10    XL:     2   Next: 10%
Magic:  3/3        EV: 12    Int: 14    God:
Gold:   0          SH:  0    Dex: 13    Spells: 2/3 levels left

rFire   . . .        a - +1 sling
rCold   . . .        (no shield)
rNeg    . . .        c - +0 robe
rPois   .            (no helmet)
rElec   .            (no cloak)
rCorr   .            (no gloves)
SInv    .            (no boots)
Will    .....        (no amulet)
Stlth   +            (no ring)
HPRegen 0.23/turn    (no ring)
MPRegen 0.08/turn

%: no passive effects
@: no status effects
A: foul stench 1
a: no special abilities


You escaped.
You visited 1 branch of the dungeon, and saw 1 of its levels.

Inventory:

Hand Weapons
 a - a +1 sling (weapon)
Armour
 c - a +0 robe (worn)
Scrolls
 b - a scroll of poison
Potions
 d - a potion of heal wounds {unknown}


   Skills:
 + Level 1.4 Fighting
 * Level 2.3 Ranged Weapons
 - Level 1.7 Dodging
 - Level 1.0 Spellcasting
 - Level 3.0 Hexes


You had 2 spell levels left.
You knew the following spells:

 Your Spells              Type           Power      Damage    Failure   Level
a - Slow                  Hex            36%        N/A       8%          1

Your spell library contained the following spells:

 Spells                   Type           Power      Damage    Failure   Level
 Inner Flame              Hex/Fire       4%         N/A       38%         3
 Portal Projectile        Hex/Tloc       8%         N/A       38%         3
 Cause Fear               Hex            4%         N/A       58%         4


Dungeon Overview and Level Annotations

Branches:
Dungeon (1/15)

Altars:


Innate Abilities, Weirdness & Mutations

You may rarely emit foul miasma when damaged in melee.


Message History

You kill the kobold!
The jackal bites you. The jackal closely misses you.
You shoot a sling bullet. The sling bullet hits the jackal.
You kill the jackal!
You have reached level 2!
Your demonic ancestry asserts itself...
You begin to emit a foul stench of rot and decay.
You shoot a sling bullet. The sling bullet hits the jackal.
The jackal is severely wounded.
The jackal barely misses you. The jackal bites you.
You shoot a sling bullet.
The sling bullet closely misses the jackal.
The jackal closely misses you. The jackal misses you.
You shoot a sling bullet.
The sling bullet hits the jackal but does no damage.
The jackal is severely wounded.
The jackal bites you. The jackal closely misses you.
You shoot a sling bullet.
The sling bullet hits the jackal but does no damage.
The jackal is severely wounded.
The jackal barely misses you.
You shoot a sling bullet. The sling bullet misses the jackal.
The jackal bites you.
You emit a cloud of foul miasma!
The jackal is engulfed in dark miasma.
The jackal is poisoned.
The jackal seems to slow down.
You kill the jackal!
Things that are here:
a jackal corpse; a jackal corpse
Press: ? - help, v - describe, . - travel, g - get item
Items here: a jackal corpse; a jackal corpse.
The floor, spattered with blood.
There is a cloud of foul pestilence here.
Unknown command.
There is an open door here.
You see here 2 stones.
You see here a stone.
There is an open door here.
There is a staircase leading out of the dungeon here.
Are you sure you want to leave the Dungeon?
This will make you lose the game!
You have escaped!

...# #####.###
#.......# #..[....h
#.......# #.#.......#
####### #.......###
##.....## #######)#
#...@...# #.#
##.....## #†# ###'###
#.# ###(((.(### #.#
#.(((((.(.#### #.#
+..((.8((...'.## #.#
##(...(....##..####.#
###.(((.#####...##.##
####### #...#...#


There were no monsters in sight!

Vanquished Creatures
  An endoplasm (D:1)
  A hobgoblin (D:1)
  4 jackals (D:1)
  A kobold (D:1)
  A goblin (D:1)
8 creatures vanquished.

Notes
Turn   | Place    | Note
-------+----------+-------------------------------------------
     0 | D:1      | Alarkh the Demonspawn Hexslinger began the quest for the
                  | Orb.
     0 | D:1      | Reached XP level 1. HP: 15/15 MP: 2/2
    84 | D:1      | Gained mutation: You may rarely emit foul miasma when
                  | damaged in melee. [demonic ancestry]
    84 | D:1      | Reached XP level 2. HP: 16/21 MP: 3/3
   113 | D:$      | Got out of the dungeon alive.

Illustrated notes

Levels and vault maps discovered:
D:1:      minmay_arrival_shattered_statue, layout_basic,
          hellmonk_ecumenical_altar_blasted, serial_shops, shop, shop,
          nicolae_shop_bloodbath_and_beyond, nicolae_shop_waterfront

Skill      XL: |  1 |
---------------+----+-----
Ranged Weapons | 2 |  2.3
Fighting       | |  1.4
Dodging        | |  1.7
Spellcasting   | |  1.0
Hexes          | |  3.0

Action                     || total
---------------------------++-------
   Fire: Sling             ||    35
 Armour: Robe              ||     2
  Dodge: Dodged            ||    33
